 Dungeon Crawl Stone Soup version 0.24.0-123-gd5b16e6ec5 (webtiles) character file.

Game seed: 9802472034199362242, levelgen mode: deterministic

1549 Johnny the Digger (level 8, 0/57 HPs)
             Began as a Demigod Earth Elementalist on Jan 28, 2020.
             Slain by an orc
             ... wielding a +0 mace
              (5 damage)
             ... on level 6 of the Dungeon.
             The game lasted 00:08:54 (6755 turns).

Johnny the Digger (Demigod Earth Elementalist)      Turns: 6755, Time: 00:08:55

Health: 0/57       AC:  4    Str: 11    XL:     8   Next: 31%
Magic:  15/21      EV: 12    Int: 23    God:
Gold:   298        SH:  0    Dex: 16    Spells: 11/20 levels left

rFire    + . .     SeeInvis .   (no weapon)
rCold    + . .     Gourm    .   (no shield)
rNeg     . . .     Faith    .   c - +0 robe
rPois    .         Spirit   .   x - +0 helmet
rElec    .         Reflect  .   (no cloak)
rCorr    .         Harm     .   (no gloves)
MR       .....                  g - +0 pair of boots
Stlth    ++........             (no amulet)
HPRegen  0.19/turn              l - ring of protection from cold
MPRegen  0.17/turn              s - ring of protection from fire

@: hasted, very quick
A: high mp 1
a: no special abilities


You were on level 6 of the Dungeon.
You were hungry.

You visited 1 branch of the dungeon, and saw 6 of its levels.

You collected 298 gold pieces.

Inventory:

Missiles
 z - 38 stones (quivered)
Armour
 c - a +0 robe (worn)
 g - a +0 pair of boots (worn)
 x - a +0 helmet (worn)
Jewellery
 l - a ring of protection from cold (left hand)
 p - an uncursed ring of stealth
 s - a ring of protection from fire (right hand)
Wands
 u - a wand of flame (14)
 y - a wand of disintegration (12)
Scrolls
 a - a scroll of magic mapping {unknown}
 e - a scroll of identify
 i - 3 scrolls of remove curse {unknown}
 k - 4 scrolls of teleportation {unknown}
 m - 2 scrolls of amnesia {unknown}
 r - 2 scrolls of random uselessness {unknown}
 t - 2 scrolls of blinking {unknown}
Potions
 f - a potion of agility
 h - a potion of cancellation
 j - a potion of might
 o - 2 potions of berserk rage
 q - 2 potions of resistance
 v - a potion of lignification {unknown}
 w - 3 potions of brilliance
Comestibles
 d - 4 rations


   Skills:
 - Level 1.7 Dodging
 - Level 1.7 Stealth
 + Level 6.6 Spellcasting
   Level 0.8 Transmutations
 + Level 7.5 Earth Magic


You had 11 spell levels left.
You knew the following spells:

 Your Spells              Type           Power        Failure   Level  Hunger
a - Sandblast             Erth           #####.       1%          1    None
b - Stone Arrow           Conj/Erth      ###...       4%          3    None
c - Lee's Rapid Deconstr  Erth           #####.....   10%         5    #####..

Your spell library contained the following spells:

 Spells                   Type           Power        Failure   Level  Hunger
 Passwall                 Tmut/Erth      ####....     2%          2    None
 Petrify                  Tmut/Erth      ####....     14%         4    ###....


Dungeon Overview and Level Annotations

Branches:
Dungeon (6/15)             Temple (0/1) D:6

Annotations:
D:3 Edmund


Innate Abilities, Weirdness & Mutations

You have an increased reservoir of magic. (+10% MP)


Message History

You kill the ogre!
The centaur shoots an arrow.
The arrow hits you!
* * * LOW HITPOINT WARNING * * *
Casting: Stone Arrow (safe; 4% risk of failure)
Confirm with . or Enter, or press ? or * to list all spells.
Aiming: Lee's Rapid Deconstruction (slightly dangerous; 10% risk of failure)
Press: ? - help, Dir - move target cursor, f - you You cannot affect that.
Okay, then. 2 orcs come into view.
You feel yourself speed up.
The centaur shoots an arrow.
The arrow hits you!
* * * LOW HITPOINT WARNING * * *
Unknown command.
Okay, then.
You feel better.
The orc shouts!
The centaur shoots an arrow.
The arrow hits you.
* * * LOW HITPOINT WARNING * * *
The orc hits you with a +0 mace.
You die...

..........##...##...........#
...........#........[.......#
...........#......[<........#
.......... #................#
......... #...##o..##......#
........ #..5##...##......#
....... #...#....#.......#
...... #...#....# ......#
...... #..c#@o..# .....
...... #.c.##...# ......
#...##...#
...#########.>..(...#
...##.....##...()...#
..............(.....#
.............(......#
................(...#
....................#


You could see 2 orcs.

Vanquished Creatures
  Sigmund (D:5)
  Eustachio (D:4)
  Menkaure (D:4)
  Duvessa (D:4)
  4 ogres
  Blork the orc (D:4)
  3 scorpions
  Dowan (D:4)
  A howler monkey (D:5)
  3 jellies
  An orc wizard (D:6)
  4 worker ants
  A hound zombie (D:5)
  A worker ant zombie (D:4)
  7 adders
  A shadow imp (D:6)
  2 worms
  A dart slug (D:1)
  4 leopard geckos
  9 orcs
  6 bats
  4 giant cockroaches (D:3)
  7 goblins
  8 hobgoblins
  14 jackals
  4 quokkas
  A ball python (D:1)
  6 frilled lizards
  5 kobolds
  A leopard gecko skeleton (D:5)
  A leopard gecko zombie (D:6)
  A quokka skeleton (D:4)
  5 rats
111 creatures vanquished.

Notes
Turn   | Place    | Note
-------+----------+-------------------------------------------
     0 | D:1      | Johnny the Demigod Earth Elementalist began the quest for
                  | the Orb.
     0 | D:1      | Reached XP level 1. HP: 14/14 MP: 5/5
   210 | D:1      | Reached skill level 3 in Earth Magic
   257 | D:1      | Reached XP level 2. HP: 18/20 MP: 1/7
  1005 | D:2      | Reached XP level 3. HP: 26/26 MP: 6/9
  1286 | D:2      | Learned a level 3 spell: Stone Arrow
  1315 | D:2      | Reached XP level 4. HP: 15/33 MP: 0/11
  2405 | D:3      | Reached skill level 4 in Earth Magic
  3093 | D:3      | Reached XP level 5. HP: 32/38 MP: 6/13
  3435 | D:3      | Found a white marble altar of Elyvilon.
  3572 | D:4      | Noticed Edmund
  3682 | D:4      | Found a glowing golden altar of the Shining One.
  3682 | D:4      | Noticed Duvessa
  3682 | D:4      | Noticed Dowan
  3691 | D:4      | Killed Dowan
  3802 | D:4      | Noticed Menkaure
  3814 | D:4      | Killed Menkaure
  3814 | D:4      | Reached skill level 5 in Earth Magic
  3814 | D:4      | Reached XP level 6. HP: 45/45 MP: 3/15
  4029 | D:4      | Noticed Blork the orc
  4043 | D:4      | Killed Blork the orc
  4243 | D:4      | Noticed Eustachio
  4267 | D:4      | Killed Eustachio
  4373 | D:4      | Found an iron altar of Okawaru.
  4443 | D:4      | Reached skill level 5 in Spellcasting
  4443 | D:4      | Reached XP level 7. HP: 50/50 MP: 14/18
  4627 | D:4      | Found a sacrificial altar of Ru.
  4628 | D:4      | Found an ancient bone altar of Kikubaaqudgha.
  4897 | D:5      | Entered Level 5 of the Dungeon
  4900 | D:5      | Reached skill level 6 in Earth Magic
  5274 | D:5      | Found an ornate altar of the Wu Jian Council.
  5784 | D:5      | Found a stormy altar of Qazlal.
  5869 | D:5      | Noticed Sigmund
  5877 | D:5      | Learned a level 5 spell: Lee's Rapid Deconstruction
  5880 | D:5      | Killed Sigmund
  6138 | D:4      | Reached skill level 7 in Earth Magic
  6138 | D:4      | Reached XP level 8. HP: 57/57 MP: 13/20
  6298 | D:4      | Found a blossoming altar of Fedhas.
  6460 | D:4      | Killed Duvessa
  6531 | D:6      | Found a staircase to the Ecumenical Temple.
  6751 | D:6      | HP: 2/57 [centaur/arrow (11)]
  6755 | D:6      | Slain by an orc

Levels and vault maps discovered:
D:1:      minmay_arrival_solitary_statue, layout_basic
D:2:      layout_basic
D:3:      layout_loops_ring, elyvilon_altar_3
D:4:      layout_basic, kennysheep_little_box, old_standard_altar,
          gammafunk_temple_overflow_statue, fedhas_altar_fruit_tree,
          uniq_blork_the_orc, uniq_eustachio, uniq_menkaure, uniq_edmund,
          uniq_duvessa
D:5:      layout_loops_corners, nicolae_overflow_crystal_walls,
          lemuel_coloured_pillars_altar, first_ration, uniq_sigmund
D:6:      layout_gridville, temple_statues

Skill      XL: |  1  2  3  4  5  6  7 |
---------------+----------------------+-----
Spellcasting   | 2 3 4 5 6 |  6.6
Earth Magic    | 3 4 5 7 |  7.5
Dodging        | |  1.7
Stealth        | |  1.7
Transmutations | |  0.8

Action                   |  1- 3 |  4- 6 |  7- 9 || total
-------------------------+-------+-------+-------++-------
Melee: Unarmed           |    76 |    18 |    13 ||   107
 Cast: Sandblast         |    47 |    77 |    38 ||   162
       Stone Arrow       |     1 |    26 |     8 ||    35
       Lee's Rapid Decon |       |       |     5 ||     5
  Use: Potion            |       |     2 |     2 ||     4
       Scroll            |       |       |     5 ||     5
 Stab: Sleeping          |     2 |     1 |     2 ||     5
  Eat: Chunk             |     1 |    10 |     1 ||    12
       Ration            |       |     1 |     2 ||     3
Armor: Robe              |    52 |    33 |     4 ||    89
Dodge: Dodged            |    99 |    68 |    18 ||   185
